 Dungeon Crawl Stone Soup version 0.31-a0-321-g19405a7a6a (webtiles) character file.

Game seed: 192082153946107789

228 LeprechaunX the Changeling (level 6, -5/41 HPs)
             Began as an Octopode Shapeshifter on July 17, 2023.
             Slain by a gnoll
             ... wielding a +0 halberd of flaming
              (8 damage)
             ... on level 4 of the Dungeon.
             The game lasted 00:02:49 (2590 turns).

LeprechaunX the Changeling (Octopode Shapeshifter)  Turns: 2590, Time: 00:02:50

Health: -5/41      AC:  1    Str: 16    XL:     6   Next: 2%
Magic:  6/6        EV: 13    Int: 10    God:
Gold:   87         SH:  0    Dex: 13    Spells: 5/5 levels left

rFire   . . .        g - +2 dagger (elec)
rCold   + . .        (no shield)
rNeg    . . .        (helmet currently unavailable)
rPois   .            (no amulet)
rElec   .            j - ring of protection from cold
rCorr   .            (no ring)
SInv    .            (no ring)
Will    .....        (no ring)
Stlth   ++           (no ring)
HPRegen 0.26/turn    (no ring)
MPRegen 0.10/turn    (no ring)
                     (no ring)

%: no passive effects
@: beast-form
A: beast (slay +2), almost no armour, amphibious, 8 rings, camouflage 1,
gelatinous body 1, (nimble swimmer 1), tentacles
a: Begin Untransformation


You were on level 4 of the Dungeon.
You were a hulking beast.
You visited 1 branch of the dungeon, and saw 4 of its levels.

You collected 87 gold pieces.

Inventory:

Hand Weapons
 g - a +2 dagger of electrocution (weapon)
Missiles
 k - 10 poisoned darts
Jewellery
 j - a ring of protection from cold (left tentacle)
 t - an amulet of the acrobat
 v - a ring of fire
 y - a ring of see invisible
Talismans
 b - a beast talisman
Scrolls
 d - 2 scrolls of silence {unknown}
 m - a scroll of vulnerability {unknown}
 n - 2 scrolls of teleportation {unknown}
 o - 2 scrolls of identify {unknown}
 p - 2 scrolls of torment {unknown}
 q - a scroll of fear {unknown}
 r - a scroll of blinking {unknown}
 s - a scroll of fog {unknown}
 u - a scroll of poison {unknown}
 w - a scroll of immolation {unknown}
Potions
 a - 2 potions of lignification
 c - 3 potions of heal wounds {unknown}
 e - a potion of brilliance {unknown}
 f - a potion of haste {unknown}
 h - a potion of degeneration {unknown}
 i - a potion of enlightenment {unknown}
 l - a potion of curing {unknown}
 x - a potion of might {unknown}


   Skills:
 + Level 2.9 Fighting
 + Level 3.0 Dodging
 * Level 3.8 Unarmed Combat
 * Level 4.0 Shapeshifting


You had 5 spell levels left.
You didn't know any spells.
Your spell library contained the following spells:

 Spells                   Type           Power      Damage    Failure   Level
 Vhi's Electric Charge    Tloc/Air       0%         N/A       75%         3
 Arcjolt                  Conj/Air       0%         1d10      100%        5
 Plasma Beam              Fire/Air       0%         2x1d10    100%        6


Dungeon Overview and Level Annotations

Branches:
Dungeon (4/15)
 Temple: D:4-7

Altars:


Innate Abilities, Weirdness & Mutations

You are a hulking beast.
Your limbs bulge with bestial killing power. (Slay +2)
You cannot wear most types of armour.
You are amphibious.
You can wear up to eight rings at the same time.
Your skin changes colour to match your surroundings (Stealth+).
Your rubbery body absorbs attacks. (AC +1, EV +1)
((You are camouflaged when in or above water. (Stealth+)))
You have tentacles for arms and can constrict up to eight enemies at once.


Message History

You hit the orc priest.
Lightning courses through the orc priest!
You kill the orc priest!
The orc misses you.
Your life force feels restored.
You have reached level 6!
Unknown command.
You hit the orc. You grab the orc.
The orc is severely wounded.
You constrict the orc. The orc hits you with a +0 hand axe!
You hit the orc.
You kill the orc!
Things that are here:
a +1 morningstar of draining; a +0 leather armour; an orc corpse You now have 87 gold pieces (gained 14).
y - a ring of see invisible
Items here: ( )) [[ †.
Okay, then.
Unknown command.
Things that are here:
a +0 hand axe; an orc corpse A gnoll is nearby!
A gnoll is nearby!
A gnoll is nearby!
A gnoll comes into view. It is wielding a +0 flail.
You start waiting.
A gnoll is nearby!
The gnoll shouts!
You hear a shout!
The gnoll hits you from afar with a +0 halberd of flaming!
The gnoll burns you.
The gnoll hits you with a +0 halberd of flaming!
* * * LOW HITPOINT WARNING * * *
The gnoll burns you.
* * * LOW HITPOINT WARNING * * *
You are too injured to fight recklessly!
You are too injured to fight recklessly!
You are too injured to fight recklessly!
You closely miss the gnoll. Your grab misses the gnoll.
The gnoll hits you with a +0 halberd of flaming!
You die...

g.g...##..##...........
o.........##...........
g...............#####
........##.........##
...#....##...........
g. #................
##.# #..##..#....###..
#..#####......##### ###
#.##..hg..###.# #
#####....###### #.##
##..)...### #..##
##.).).### ##..###
#...#### ##...# #...#
##### #####


You could see a gnoll.

Vanquished Creatures
  A hound (D:4)
  An orc priest (D:4)
  Natasha (D:2)
  2 orc wizards (D:4)
  2 adders
  A shadow imp (D:3)
  3 worms
  7 orcs
  5 ball pythons
  An endoplasm (D:1)
  2 giant cockroaches (D:1)
  6 hobgoblins
  4 quokkas
  4 bats
  2 frilled lizards
  7 goblins
  3 kobolds (D:1)
  6 rats
58 creatures vanquished.

Notes
Turn   | Place    | Note
-------+----------+-------------------------------------------
     0 | D:1      | LeprechaunX the Octopode Shapeshifter began the quest for
                  | the Orb.
     0 | D:1      | Reached XP level 1. HP: 14/14 MP: 1/1
   146 | D:1      | Reached XP level 2. HP: 19/19 MP: 2/2
   748 | D:2      | Reached XP level 3. HP: 19/24 MP: 3/3
   973 | D:2      | You fall into a shaft and drop 2 floors!
  1539 | D:2      | Reached XP level 4. HP: 30/30 MP: 4/4
  1652 | D:2      | Noticed Natasha
  1659 | D:2      | Killed Natasha
  2330 | D:4      | Reached XP level 5. HP: 30/35 MP: 5/5
  2515 | D:4      | Reached skill level 4 in Shapeshifting
  2519 | D:4      | Reached XP level 6. HP: 38/41 MP: 6/6
  2590 | D:4      | Slain by a gnoll

Illustrated notes

Levels and vault maps discovered:
D:1:      nagdon_arrival_zigzag_paths, layout_basic, dreamdust_princess_corridor
D:2:      layout_basic, uniq_natasha
D:3:      layout_loops_corners
D:4:      layout_rooms, serial_curves, eino_curves_02, eino_curves_01

Skill      XL: |  1  2  3  4  5 |
---------------+----------------+-----
Unarmed Combat | 3 |  3.8
Dodging        | 3 |  3.0
Shapeshifting  | 4 |  4.0
Fighting       | |  2.9

Action                     |  1- 3 |  4- 6 || total
---------------------------+-------+-------++-------
  Melee: Unarmed           |    27 |       ||    27
         Constrict         |    14 |    12 ||    26
         Punch             |     2 |     1 ||     3
         Dagger            |    31 |    44 ||    75
         Tentacles         |     6 |     5 ||    11
   Stab: Sleeping          |    10 |     2 ||    12
 Armour: Skin              |       |     3 ||     3
  Dodge: Dodged            |    22 |    30 ||    52

Table legend: (Time is in decaauts)
 A = Elapsed time spent in this place.
 B = Non-inter-level travel time spent in this place.
 C = Inter-level travel time spent in this place.
 D = Time resting spent in this place.
 E = Time spent auto-exploring this place.
 F = Levels seen in this place.
 G = Mean time per level.
                   A        B        C        D        E       F      G
               +--------+--------+--------+--------+--------+-----+--------+
         Total |   2586 |   2463 |    123 |     23 |   2035 |   4 |  646.5 |
       Dungeon |   2586 |   2463 |    123 |     23 |   2035 |   4 |  646.5 |
               +--------+--------+--------+--------+--------+-----+--------+

Top non-repeatable levels by time:
     D:2: 764 daAuts
     D:3: 764 daAuts
     D:1: 706 daAuts
     D:4: 351 daAuts
